 Dungeon Crawl Stone Soup version 0.27-a0-1434-g6f15984924 (webtiles) character file.

Game seed: 2788661074719196823

4 Gargoyl the Skirmisher (level 1, 0/23 HPs)
             Began as a Gnoll Abyssal Knight on July 3, 2021.
             Was an Initiate of Lugonu.
             Succumbed to a kobold's poison
             ... on level 1 of the Dungeon.
             The game lasted 00:00:29 (313 turns).

Gargoyl the Skirmisher (Gnoll Abyssal Knight)        Turns: 313, Time: 00:00:30

Health: 0/23       AC:  3    Str: 11    XL:     1   Next: 70%
Magic:  3/3        EV: 15    Int: 11    God:    Lugonu [......]
Gold:   20         SH:  0    Dex: 11    Spells: 0/0 levels left

rFire    . . .     SeeInvis .   a - +1 hand axe
rCold    . . .     Faith    .   (no shield)
rNeg     . . .     Spirit   .   b - +0 leather armour
rPois    .         Reflect  .   (no helmet)
rElec    .         Harm     .   (no cloak)
rCorr    .         Rampage  .   (no gloves)
Will     .....                  (no boots)
Stlth    +.........             (no amulet)
HPRegen  0.07/turn              d - +4 ring of evasion
MPRegen  0.08/turn              (no ring)

@: lethally poisoned (0 -> -12)
A: fangs 1, strong nose, distributed training
a: Renounce Religion


You were on level 1 of the Dungeon.
You worshipped Lugonu.
Lugonu was noncommittal.
You visited 1 branch of the dungeon, and saw 1 of its levels.
You visited the Abyss 1 time.

You collected 20 gold pieces.

Inventory:

Hand Weapons
 a - a +1 hand axe (weapon)
Armour
 b - a +0 leather armour (worn)
Jewellery
 d - a +4 ring of evasion (left hand)


   Skills:
 + Level 6.4 Fighting
 + Level 0.1 Short Blades
 + Level 0.1 Long Blades
 + Level 4.4 Axes
 + Level 0.1 Maces & Flails
 + Level 0.1 Polearms
 + Level 0.1 Staves
 + Level 0.1 Slings
 + Level 0.1 Bows
 + Level 0.1 Crossbows
 + Level 0.1 Throwing
 + Level 4.4 Armour
 + Level 2.4 Dodging
 + Level 0.1 Stealth
 + Level 0.1 Shields
 + Level 0.1 Unarmed Combat
 + Level 0.1 Spellcasting
 + Level 0.1 Conjurations
 + Level 0.1 Hexes
 + Level 0.1 Summonings
 + Level 0.1 Necromancy
 + Level 0.1 Translocations
 + Level 0.1 Transmutations
 + Level 0.1 Fire Magic
 + Level 0.1 Ice Magic
 + Level 0.1 Air Magic
 + Level 0.1 Earth Magic
 + Level 0.1 Poison Magic
 + Level 4.4 Invocations
 + Level 0.1 Evocations


You couldn't memorise any spells.
You didn't know any spells.
Your spell library was empty.

Dungeon Overview and Level Annotations

Branches:
Dungeon (1/15)

Altars:


Innate Abilities, Weirdness & Mutations

You have very sharp teeth.
Your uncanny sense of smell can sniff out nearby items.
Your experience applies equally to all skills.


Message History

The quokka twitches its whiskers.
The quokka closely misses you.
You hit the quokka.
The quokka is moderately wounded.
The quokka misses you.
You hit the quokka.
You kill the quokka!
Lugonu accepts your kill.
You see here a quokka corpse.
Unknown command.
Found 10 gold pieces.
Unknown command.
You now have 10 gold pieces.
You now have 20 gold pieces (gained 10).
A kobold comes into view.
It is wielding a +1 short sword of venom.
The kobold shouts!
A kobold is nearby!
The kobold closely misses you.
You closely miss the kobold.
The kobold hits you with a +1 short sword of venom.
You are poisoned.
You completely miss the kobold.
You feel sick.
The kobold hits you with a +1 short sword of venom.
You are more poisoned.
The kobold hits you with a +1 short sword of venom.
You are more poisoned.
Unknown command.
You hit the kobold.
You kill the kobold!
Lugonu accepts your kill.
You feel very sick.
* * * LOW HITPOINT WARNING * * *
You feel very sick.
Things that are here:
a +1 short sword of venom; a kobold corpse You aren't carrying any potions.
Unknown command.
* * * LOW HITPOINT WARNING * * *
You feel very sick.
You die...

######## ##.###
#....#.# #....
##@...# #...#
#.....###... ∆
#...)..##..#
#....#.##..#
#.####.##..#
#..........#
##########.#
#######...#######
..........#.....#


There were no monsters in sight!

Vanquished Creatures
  A hobgoblin (D:1)
  A quokka (D:1)
  A ball python (D:1)
  A kobold (D:1)
  A rat (D:1)
5 creatures vanquished.

Notes
Turn   | Place    | Note
-------+----------+-------------------------------------------
     0 | Abyss:1  | Gargoyl the Gnoll Abyssal Knight began the quest for the
                  | Orb.
     0 | Abyss:1  | Reached XP level 1. HP: 23/23 MP: 3/3
    58 | Abyss:2  | Noticed a small abomination
    75 | Abyss:2  | Noticed a tentacled starspawn
    76 | Abyss:2  | Noticed a quasit
    78 | D:1      | Escaped the Abyss
   313 | D:1      | Succumbed to a kobold's poison

Illustrated notes

Levels and vault maps discovered:
D:1:      amcnicky_arrival_underground_garden, layout_basic,
          shapermc_ecumenical_altar_notcrosses, amcnicky_mini_corridor_feature,
          columned_hall_lemuel, hangedman_decor_slide_cut, minmay_box_of_dots

Action                   || total
-------------------------++-------
Melee: Hand axe          ||    12
Invok: Depart the Abyss  ||     1
  Use: Scroll            ||     1
Armor: Leather armour    ||     1
Dodge: Dodged            ||    16

Table legend: (Time is in decaauts)
 A = Elapsed time spent in this place.
 B = Non-inter-level travel time spent in this place.
 C = Inter-level travel time spent in this place.
 D = Time resting spent in this place.
 E = Time spent auto-exploring this place.
 F = Levels seen in this place.
 G = Mean time per level.
                   A        B        C        D        E       F      G
               +--------+--------+--------+--------+--------+-----+--------+
         Total |    313 |    313 |      0 |      0 |    247 |   3 |  104.3 |
       Dungeon |    236 |    236 |      0 |      0 |    199 |   1 |  236.0 |
         Abyss |     77 |     77 |      0 |      0 |     48 |   2 |   38.5 |
               +--------+--------+--------+--------+--------+-----+--------+

Top non-repeatable levels by time:
     D:1: 236 daAuts
 Abyss:2: 69 daAuts
 Abyss:1: 8 daAuts
